 Dungeon Crawl Stone Soup version 0.27-a0-242-ge0fc76b88b (webtiles) character file.

Game seed: 16256467212502741042

39 Borgoz the Slasher (level 3, -7/30 HPs)
             Began as a Ghoul Gladiator on Feb 3, 2021.
             Mangled by a raiju (8 damage)
             ... on level 1 of the Abyss.
             The game lasted 00:01:25 (707 turns).

Borgoz the Slasher (Ghoul Gladiator)                 Turns: 707, Time: 00:01:26

Health: -7/30      AC:  4    Str: 17    XL:     3   Next: 47%
Magic:  2/2        EV: 12    Int:  3    God:
Gold:   123        SH:  0    Dex: 11    Spells: 2/2 levels left

rFire    . . .     SeeInvis .   a - +0 long sword
rCold    + . .     Faith    .   (no shield)
rNeg     + + +     Spirit   .   b - +0 leather armour
rPois    ∞         Reflect  .   c - +0 helmet
rElec    .         Harm     .   (no cloak)
rCorr    .         Rampage  .   (no gloves)
Will     .....                  (no boots)
Stlth    +.........             (no amulet)
HPRegen  0.00/turn              (no ring)
MPRegen  0.08/turn              (no ring)

@: no status effects
A: claws 1, cold resistance 1, negative energy resistance 3, inhibited
regeneration, torment resistance, unbreathing
a: no special abilities


You were on level 1 of the Abyss.
You visited 1 branch of the dungeon, and saw 2 of its levels.
You visited the Abyss 1 time.

You collected 123 gold pieces.

Inventory:

Hand Weapons
 a - a +0 long sword (weapon)
Missiles
 d - 3 throwing nets (quivered)
Armour
 b - a +0 leather armour (worn)
 c - a +0 helmet (worn)
Scrolls
 e - 2 scrolls of remove curse {unknown}
 g - a scroll of teleportation {unknown}
 j - 3 scrolls of enchant armour {unknown}
 k - a scroll of identify {unknown}
Potions
 f - 4 potions of curing {unknown}
 h - a potion of lignification {unknown}
 i - a potion of flight {unknown}


   Skills:
 + Level 2.7 Fighting
 * Level 3.2 Long Blades
 - Level 1.7 Throwing
 + Level 1.0 Armour
 + Level 3.0 Dodging


You had 2 spell levels left.
You didn't know any spells.
Your spell library was empty.

Dungeon Overview and Level Annotations

Branches:
Dungeon (2/15)

Altars:
Trog


Innate Abilities, Weirdness & Mutations

You thrive by killing the living.
You are immune to poison.
You have sharp fingernails.
Your flesh is cold resistant. (rC+)
You are immune to negative energy. (rN+++)
You do not regenerate when monsters are visible.
You are immune to unholy pain and torment.
You can survive without breathing.


Message History

The living lightning misses you. x2; The living lightning misses the raiju.
The living lightning hits the raiju.
The raiju completely resists.
The raiju blinks! x2
The raiju bursts into living lightning!
The living lightning hits the raiju.
The raiju completely resists.
The living lightning hits the raiju.
The raiju completely resists.
The living lightning misses you. The living lightning hits you!
* * * LOW HITPOINT WARNING * * *
The living lightning hits the raiju.
The raiju completely resists.
The raiju blinks! x5
You are too injured to fight recklessly!
You are too injured to fight recklessly!
Unknown command.
There are monsters nearby!
You slash the raiju!
The raiju is moderately wounded.
The raiju bites you.
* * * LOW HITPOINT WARNING * * *
The raiju shocks you!
You die...

. .§.# #. ..#. .
#..# #..§. .#h.
.h# ##. # #
#h###.....# ..
##.#@#...# ...
#...#.##.#.. #
#.....#........#
#..#####..##..#.##
#. #.#..###### ..
.#..##...#..#.. #.
#.. ...........
.......#.....##
.##..##......#


You could see 3 raiju.

Vanquished Creatures
  An adder (D:2)
  A leopard gecko (D:1)
  2 giant cockroaches
  5 goblins
  3 hobgoblins
  5 jackals
  A bat (D:2)
  4 frilled lizards (D:1)
  3 kobolds
  3 rats (D:1)
28 creatures vanquished.

Notes
Turn   | Place    | Note
-------+----------+-------------------------------------------
     0 | D:1      | Borgoz the Ghoul Gladiator began the quest for the Orb.
     0 | D:1      | Reached XP level 1. HP: 17/17 MP: 0/0
    47 | D:1      | Reached XP level 2. HP: 23/25 MP: 1/1
   348 | D:2      | Found a bloodstained altar of Trog.
   428 | D:2      | Reached XP level 3. HP: 30/30 MP: 2/2
   632 | D:2      | Reached skill level 1 in Armour
   662 | D:2      | Cast into level 1 of the Abyss (gnoll)
   702 | Abyss:1  | Noticed a raiju
   704 | Abyss:1  | Noticed a raiju
   705 | Abyss:1  | Noticed a raiju
   707 | Abyss:1  | HP: 1/30 [raiju (2)]
   707 | Abyss:1  | Mangled by a raiju

Illustrated notes

Levels and vault maps discovered:
D:1:      eino_arrival_druids_welcome, layout_rooms
D:2:      layout_loops_ring, general_overflow_altar
Abyss:1:  base:
D:1

Skill      XL: |  1  2  3 |
---------------+----------+-----
Long Blades    | 3 |  3.2
Armour         | 1 |  1.0
Dodging        | 3 |  3.0
Fighting       | |  2.7
Throwing       | |  1.7

Action                   || total
-------------------------++-------
Melee: Long sword        ||    64
Armor: Leather armour    ||    23
Dodge: Dodged            ||    59
       Rpst.: Long sword ||    19

Table legend: (Time is in decaauts)
 A = Elapsed time spent in this place.
 B = Non-inter-level travel time spent in this place.
 C = Inter-level travel time spent in this place.
 D = Time resting spent in this place.
 E = Time spent auto-exploring this place.
 F = Levels seen in this place.
 G = Mean time per level.
                   A        B        C        D        E       F      G
               +--------+--------+--------+--------+--------+-----+--------+
         Total |    722 |    703 |     19 |     69 |    457 |   3 |  240.7 |
       Dungeon |    677 |    658 |     19 |     42 |    457 |   2 |  338.5 |
         Abyss |     45 |     45 |      0 |     27 |      0 |   1 |   45.0 |
               +--------+--------+--------+--------+--------+-----+--------+

Top non-repeatable levels by time:
     D:2: 346 daAuts
     D:1: 330 daAuts
 Abyss:1: 45 daAuts
